 Dungeon Crawl Stone Soup version 0.22-a0-247-gbddf880 (webtiles) character file.

75105 Amnesiac the Fetichist (level 15, -16/72 HPs)
             Began as a Deep Elf Artificer on Feb 25, 2018.
             Was an Initiate of Gozag.
             Killed from afar by an eidolon (32 damage)
             ... with a bolt of negative energy
             ... on level 2 of the Abyss.
             The game lasted 01:33:29 (22331 turns).

Amnesiac the Fetichist (Deep Elf Artificer)        Turns: 22331, Time: 01:33:30

Health: -16/72     AC: 35    Str: 31    XL:     15   Next: 8%
Magic:  38/38      EV: 13    Int: 20    God:    Gozag
Gold:   4317       SH: 13    Dex: 19    Spells: 4/14 levels left

rFire    . . .     SeeInvis .   b - +9 falchion "Ginof" {slice, Str+3}
rCold    + . .     Gourm    .   X - +0 shield
rNeg     . . .     Faith    .   s - +10 plate armour "Xeam" {rPois Dex+4}
rPois    +         Spirit   .   B - +4 helmet of Rosurijuun {+Blink Regen+ Str+3 Int+2}
rElec    .         Reflect  .   e - +2 cloak "Sidgh" {*Drain +Fly rPois Str+8}
rCorr    .         Harm     .   U - +2 pair of gloves {Str+3}
MR       ++...     Rnd*Rage +   t - -2 pair of boots of Laenonn {+Blink MP+9 Stlth+}
Stlth    ..........             (no amulet)
HPRegen  0.62/turn              Z - ring of protection from cold
MPRegen  0.26/turn              T - ring of protection from magic

@: afraid, gold aura, studying Short Blades, drained
A: [berserk 2], [frail 2], [no potion heal 2]
a: Potion Petition, Call Merchant, Bribe Branch, Renounce Religion, Evoke Blink,
Evoke Flight


You were on level 2 of the Abyss.
You worshipped Gozag.
Gozag was most pleased with you.
You were full.

You visited 6 branches of the dungeon, and saw 21 of its levels.
You visited the Abyss 1 time.
You also visited: Labyrinth and Ice Cave.

You collected 7295 gold pieces.
You spent 1589 gold pieces at shops.
You paid 1389 gold pieces to Gozag.

Inventory:

Hand Weapons
 a - the +9 dagger "Xalecat" {pain, rElec Int+4 Dex+2 SInv}
   (You bought it in a shop on level 2 of the Orcish Mines)

   In the hands of one skilled in necromantic magic, it inflicts extra damage on
   living creatures.
   It affects your intelligence (+4).
   It affects your dexterity (+2).
   It insulates you from electricity.
   It lets you see invisible.
 b - the +9 falchion "Ginof" (weapon) {slice, Str+3}
   (You found it on level 11 of the Dungeon)

   It inflicts extra damage upon your enemies.
   It affects your strength (+3).
 w - a +0 blowgun
Missiles
 u - 4 curare-tipped needles
 y - 3 throwing nets (quivered)
 z - 7 needles of paralysis
 I - 3 needles of confusion
 J - 20 steel javelins
 L - 73 poisoned needles
Armour
 e - the +2 cloak "Sidgh" (worn) {*Drain +Fly rPois Str+8}
   (You bought it in a shop on level 2 of the Orcish Mines)

   It affects your strength (+8).
   It protects you from poison.
   It lets you fly.
   It causes draining when unequipped.
 s - the +10 plate armour "Xeam" (worn) {rPois Dex+4}
   (You found it on level 8 of the Dungeon)

   It affects your dexterity (+4).
   It protects you from poison.
 t - the -2 pair of boots of Laenonn (worn) {+Blink MP+9 Stlth+}
   (You found it in an ice cave)

   It affects your magic capacity (+9).
   It lets you blink.
   It makes you more stealthy.
 B - the +4 helmet of Rosurijuun (worn) {+Blink Regen+ Str+3 Int+2}
   (You took it off Robin on level 3 of the Dungeon)

   It affects your strength (+3).
   It affects your intelligence (+2).
   It lets you blink.
   It increases your rate of regeneration.
 U - a +2 pair of gloves of strength (worn)
 X - a +0 shield (worn)
Magical Staves
 K - an uncursed staff of earth
Jewellery
 l - the ring "Fuaheo" {*Tele *Corrode +Inv rF++ rC+, unknown}
   (You found it on level 2 of the Abyss)

   [ring of teleportation]

   It may teleport you next to monsters.
   It greatly protects you from fire.
   It protects you from cold.
   It lets you turn invisible.
   It may corrode you when you take damage.
 P - an uncursed ring of magical power
 Q - an uncursed ring of wizardry
 T - a ring of protection from magic (right hand)
 Z - a ring of protection from cold (left hand)
Wands
 c - a wand of flame (111)
 d - a wand of enslavement (11)
 D - a wand of digging (17)
 M - a wand of polymorph (14)
Scrolls
 j - a scroll of fear {!r}
 m - 4 scrolls of identify {!r}
 o - a scroll of enchant armour {!r}
 q - 3 scrolls of remove curse {!r}
 v - 2 scrolls of magic mapping {!r}
 G - 15 scrolls of teleportation {!r}
 N - a scroll of fog {!r}
 R - 3 scrolls of enchant weapon {!r}
 W - 2 scrolls of brand weapon {!r}
Potions
 g - a potion of mutation {!q}
 h - a potion of haste {!q}
 i - a potion of cancellation {!q}
 k - a potion of resistance {!q}
 p - a potion of heal wounds {!q}
 x - 5 potions of curing {!q}
 A - a potion of magic {!q}
 C - 5 potions of brilliance {!q}
Books
 O - a manual of Short Blades
Miscellaneous
 S - a crystal ball of energy
Comestibles
 r - 3 rations


   Skills:
 - Level 9.4(8.7) Fighting
 - Level 10.0(9.2) Short Blades
 - Level 9.4(8.7) Armour
 - Level 9.4(8.7) Dodging
 - Level 3.0(2.4) Stealth
 - Level 9.4(8.7) Shields
 * Level 7.1(6.4) Necromancy
 - Level 16.2(15.4) Evocations


You had 4 spell levels left.
You knew the following spells:

 Your Spells              Type           Power        Failure   Level  Hunger
a - Apportation           Tloc           #.....       97%         1    ##.....
b - Summon Small Mammal   Summ           #...         97%         1    ##.....
c - Summon Butterflies    Summ           #.......     97%         1    ##.....
d - Poisonous Vapours     Pois/Air       #.....       99%         2    ###....
e - Mephitic Cloud        Conj/Pois/Air  #.......     100%        3    ####...
f - Animate Skeleton      Necr           N/A          22%         1    ##.....
z - Confusing Touch       Hex            #.....       97%         1    ##.....


Dungeon Overview and Level Annotations

Branches:
Dungeon (15/15)            Temple (1/1) D:5            Lair (1/6) D:10
    Orc (2/2) D:11            Elf (1/3) Orc:2        Vaults (0/5) D:14
 Depths (1/5) D:15

Altars:
Ashenzari
Cheibriados
Dithmenos
Fedhas
Gozag
Qazlal
Uskayaw
Wu Jian
Xom
Yredelemnul
The Shining One
Beogh

Shops:
D:5 (   D:10 (   Orc:2 (([[(


Innate Abilities, Weirdness & Mutations

[You often lose your temper in combat.]
[You are very frail. (-20% HP)]
[Potions are poor at restoring your health.]


Message History

A starcursed mass splits.
You block the eidolon's attack. The eidolon closely misses you.
A chorus of shrieks assaults your mind.
You hit the eidolon.
The eidolon is moderately damaged.
The eidolon hits you but does no damage. x2
The starcursed mass is distracted by the nearby gold.
You slash the eidolon!
The eidolon is moderately damaged.
You block the eidolon's attack.
The eidolon hits you but does no damage.
You hit the eidolon.
The eidolon is heavily damaged.
The starcursed mass is no longer distracted by gold.
A starcursed mass splits.
A chorus of shrieks assaults your mind. You block the eidolon's attack.
The eidolon hits you but does no damage.
You hit the eidolon.
The eidolon is heavily damaged.
You block the eidolon's attack. x2; A starcursed mass splits.
A chorus of shrieks assaults your mind.
The starcursed mass is distracted by the nearby gold.
You closely miss the eidolon.
The eidolon is heavily damaged.
The eidolon hits you but does no damage.
You block the eidolon's attack.
A starcursed mass splits.
You hit the eidolon but do no damage.
The eidolon is heavily damaged.
The starcursed mass is no longer distracted by gold.
The eidolon gestures.
The eidolon radiates an aura of fear!
You are terrified of the eidolon!
You slash the eidolon!
The eidolon is severely damaged.
You block the eidolon's attack. x2
You attempt to attack the eidolon, but flinch away in fear!
The eidolon stares piercingly at you. The bolt of negative energy misses you.
A chorus of shrieks assaults your mind.
* * * LOW HITPOINT WARNING * * *
The eidolon barely misses you. You block the eidolon's attack.
You slash the eidolon!
The eidolon is almost destroyed.
A chorus of shrieks assaults your mind.
* * * LOW HITPOINT WARNING * * *
The eidolon hits you.
* * * LOW HITPOINT WARNING * * *
The eidolon hits you but does no damage.
You attempt to attack the eidolon, but flinch away in fear!
A starcursed mass splits.
You block the eidolon's attack. x2
Your plate armour "Xeam" prevents you from hitting the eidolon.
The eidolon is almost destroyed.
The eidolon hits you but does no damage. x2
A deafening chorus of shrieks assaults your mind!
* * * LOW HITPOINT WARNING * * *
You attempt to attack the eidolon, but flinch away in fear!
The eidolon stares piercingly at you. The bolt of negative energy misses you.
You attempt to attack the eidolon, but flinch away in fear!
The eidolon stares piercingly at you. The bolt of negative energy hits you!
You feel drained.
You die...
Your body crumbles into a pile of gold.

##.##....
.. # .. ...
. # .# .)
### . .. #
.#.##.###
.# # ...
.#..#..
...# .... #
........#
..
##.#.#.#..#
# ##
##.##.#
#@.###
#XXW.#.#
#.#X### .#


.XX .# ... . #.#. ≈..# .# You could see 5 starcursed masses and an eidolon.

Vanquished Creatures
  A tentacled starspawn (Abyss:2)
  A fire giant (D:15)
  An orc warlord (D:10)
  A stone giant (D:11)
  Nessos (D:14)
  A minotaur (Lab)
  An ettin (D:11)
  A vault guard (D:14)
  Josephine (D:12)
  A hydra (D:11)
  A great orb of eyes (D:13)
  2 centaur warriors
  3 two-headed ogres
  An alligator (Orc:2)
  A death knight (D:15)
  2 tengu warriors (D:14)
  3 death yaks (D:10)
  The ghost of Amnesiac the Prestidigitator, a journeyman DEAr of Gozag (D:12)
  A wretched star (Abyss:2)
  4 deep elf knights (Elf:1)
  4 skeletal warriors
  An unseen horror (D:15)
  A wizard (Abyss:2)
  A deep elf archer (Elf:1)
  A phantasmal warrior (D:15)
  7 orc knights
  An orb spider (shapeshifter) (D:14)
  11 deep elf magi
  7 ugly things
  4 orc sorcerers
  4 cyclopes
  3 manticores (D:15)
  An oklob plant (D:13)
  Joseph (D:9)
  Maurice (D:9)
  2 ice statues (IceCv)
  2 centaur zombies
  A smoke demon (Abyss:2)
  Psyche (D:8)
  5 gargoyles
  A spiny frog (Lair:1)
  An efreet (Abyss:2)
  The ghost of Amnesiac the Prestidigitator, a novice DEAr of Gozag (D:6)
  8 ice devils (IceCv)
  A harpy zombie (D:14)
  12 trolls
  4 hornets
  Grinder (D:5)
  3 hippogriffs
  9 slime creatures
  2 vampires
  10 wraiths
  A shadow (D:14)
  A hog (shapeshifter) (D:14)
  2 wyverns
  13 yaks
  A fire elemental (Elf:1)
  Grum (D:11)
  5 vampire mosquitoes
  2 hungry ghosts (D:11)
  A large abomination (Abyss:2)
  A soldier ant (shapeshifter) (Abyss:2)
  6 wargs
  A soldier ant (D:11)
  An acid dragon (D:11)
  4 water moccasins
  A porcupine (Lair:1)
  36 orc warriors
  2 eyes of draining
  2 sky beasts
  4 ice beasts
  A black bear (D:7)
  A phantom (D:10)
  14 ogres
  A starcursed mass (Abyss:2)
  2 wolves (D:11)
  9 centaurs
  3 crocodiles
  2 big kobolds
  12 bullfrogs
  A gnoll sergeant (D:9)
  4 scorpions
  A small abomination (Abyss:2)
  A wyvern skeleton (D:13)
  A water moccasin skeleton (D:5)
  11 killer bees
  6 wights
  The ghost of p0werm0de the Conjurer, a weakling DsFE (D:3)
  6 howler monkeys
  4 crimson imps
  4 bullfrog zombies
  2 quasits
  3 jellies
  20 orc priests
  7 hounds
  3 centaur skeletons
  22 orc wizards
  3 bullfrog skeletons
  4 iguanas
  Ijyb (D:3)
  Jessica (D:3)
  11 worker ants
  A hound zombie (D:6)
  3 hound skeletons
  The ghost of Amnesiac the Charlatan, a weakling DEAr (D:4)
  Robin (D:3)
  A worker ant zombie (D:5)
  14 adders
  8 gnolls
  A river rat (D:10)
  6 shadow imps
  22 white imps
  7 ufetubi
  2 oozes
  2 adder skeletons (D:7)
  2 worms
  3 dart slugs
  5 leopard geckos
  86 orcs
  4 bats
  5 giant cockroaches
  16 goblins
  5 hobgoblins
  8 jackals
  11 kobolds
  7 quokkas
  A ball python (D:2)
  3 frilled lizards
  A leopard gecko skeleton (D:4)
  2 quokka skeletons
  12 rats
628 creatures vanquished.

Vanquished Creatures (collateral kills)
  A dancing weapon (Orc:2)
  An ice devil (IceCv)
  An orc priest (Orc:2)
  A ball python (D:5)
4 creatures vanquished.

Vanquished Creatures (others)
  A reaper (IceCv)
  3 dancing weapons
  An orc high priest (Orc:2)
  A skeletal warrior (D:14)
  A steam dragon (D:11)
  2 killer bees (D:9)
  2 orc priests
  An orc wizard (Orc:2)
  2 white imps (IceCv)
  2 ufetubi (IceCv)
  An orc (D:5)
  2 starspawn tentacles (Abyss:2)
19 creatures vanquished.

Grand Total: 651 creatures vanquished

Notes
Turn   | Place    | Note
-------+----------+-------------------------------------------
     0 | D:1      | Amnesiac the Deep Elf Artificer began the quest for the Orb.
     0 | D:1      | Reached XP level 1. HP: 11/11 MP: 5/5
    54 | D:2      | Reached skill level 1 in Fighting
    54 | D:2      | Reached XP level 2. HP: 16/16 MP: 6/6
   118 | D:2      | Reached skill level 4 in Evocations
   184 | D:4      | Reached XP level 3. HP: 20/20 MP: 8/8
   262 | D:4      | Reached skill level 5 in Evocations
   262 | D:4      | Reached XP level 4. HP: 16/25 MP: 9/9
   271 | D:4      | Noticed an ogre
   453 | D:4      | Killed an ogre
   453 | D:4      | Reached skill level 6 in Evocations
   453 | D:4      | Reached XP level 5. HP: 25/29 MP: 9/11
  1161 | D:4      | Noticed Amnesiac's ghost (weakling DEAr)
  1186 | D:4      | Reached skill level 7 in Evocations
  1186 | D:4      | Reached XP level 6. HP: 30/34 MP: 13/13
  1411 | D:4      | Killed Amnesiac's ghost
  1480 | D:5      | Entered Level 5 of the Dungeon
  1508 | D:5      | Found a staircase to the Ecumenical Temple.
  1516 | Temple   | Entered the Ecumenical Temple
  1979 | Temple   | Became a worshipper of Gozag Ym Sagoz the Greedy
  2447 | D:1      | Found a glowing golden altar of the Shining One.
  2871 | D:2      | Reached XP level 7. HP: 34/40 MP: 14/14
  3141 | D:2      | Found an ornate altar of the Wu Jian Council.
  3441 | D:3      | Noticed Jessica
  3447 | D:3      | Killed Jessica
  3447 | D:3      | Reached skill level 8 in Evocations
  3492 | D:3      | Noticed p0werm0de's ghost (weakling DsFE)
  3511 | D:3      | Noticed Robin
  3515 | D:3      | Killed p0werm0de's ghost
  3543 | D:3      | Killed Robin
  3575 | D:3      | Got a scorched helmet
  3594 | D:3      | Identified the +4 helmet of Rosurijuun {+Blink Regen+ Str+3 Int+2} (You took it off Robin on level 3 of the Dungeon)
  3800 | D:3      | Noticed Ijyb
  3812 | D:3      | Killed Ijyb
  4244 | D:5      | Found Timoo's Antique Weapon Shoppe.
  4379 | D:5      | Noticed Grinder
  4381 | D:5      | Paralysed by Grinder for 3 turns
  4391 | D:5      | Reached skill level 9 in Evocations
  4400 | D:5      | Killed Grinder
  4426 | D:5      | Reached skill level 10 in Evocations
  4426 | D:5      | Reached XP level 8. HP: 40/45 MP: 17/17
  4731 | D:6      | Reached skill level 11 in Evocations
  4897 | D:6      | Noticed Amnesiac's ghost (novice DEAr)
  4904 | D:6      | Killed Amnesiac's ghost
  4904 | D:6      | Reached skill level 12 in Evocations
  4924 | D:6      | Learned a level 1 spell: Apportation
  4926 | D:6      | Learned a level 1 spell: Confusing Touch
  4928 | D:6      | Learned a level 1 spell: Summon Small Mammal
  4994 | D:6      | Reached XP level 9. HP: 49/49 MP: 20/20
  5169 | D:6      | Found a shimmering altar of Xom.
  5172 | D:6      | Identified the Volume of Glamour
  5522 | D:7      | Found a blossoming altar of Fedhas.
  5985 | D:8      | Noticed Psyche
  5987 | D:8      | Killed Psyche
  6625 | D:8      | Got a pitted plate armour
  6636 | D:8      | Identified the +10 plate armour "Xeam" {rPois Dex+4} (You found it on level 8 of the Dungeon)
  6804 | D:9      | Found a snail-covered altar of Cheibriados.
  6804 | D:9      | Found a hide-covered altar of Uskayaw.
  6809 | D:9      | Noticed Maurice
  6954 | D:9      | Reached skill level 13 in Evocations
  6978 | D:9      | Reached skill level 1 in Armour
  7029 | D:9      | Killed Maurice
  7065 | D:9      | Reached XP level 10. HP: 39/58 MP: 21/21
  7495 | D:9      | Reached skill level 5 in Fighting
  7638 | D:9      | Noticed Joseph
  7656 | D:9      | Killed Joseph
  7656 | D:9      | Reached skill level 5 in Armour
  7656 | D:9      | Reached skill level 5 in Dodging
  8294 | D:9      | Found a snail-covered altar of Cheibriados.
  8295 | D:9      | Found a hide-covered altar of Uskayaw.
  8533 | D:10     | Entered Level 10 of the Dungeon
  8633 | D:10     | Noticed a death yak
  8669 | D:10     | Killed a death yak
  8704 | D:10     | Found a staircase to the Lair.
  8712 | D:10     | Noticed a death yak
  8714 | D:10     | Noticed a death yak
  8733 | D:10     | Killed a death yak
  8744 | D:10     | Killed a death yak
  8744 | D:10     | Reached XP level 11. HP: 56/64 MP: 23/23
  8913 | D:10     | Found Wyidwira's Weapon Boutique.
  9609 | D:11     | Got a transparent falchion
  9641 | D:11     | Reached skill level 14 in Evocations
  9683 | D:11     | Found a roughly hewn altar of Beogh.
  9683 | D:11     | Found a staircase to the Orcish Mines.
  9684 | D:11     | Noticed an orc knight
  9700 | D:11     | Killed an orc knight
  9716 | D:11     | Identified the +9 falchion "Ginof" {slice, Str+3} (You found it on level 11 of the Dungeon)
  9885 | D:11     | Noticed a green ugly thing
  9895 | D:11     | Killed a green ugly thing
  9934 | D:11     | Noticed Grum
 10072 | D:11     | Killed Grum
 10119 | D:11     | Noticed a cyan ugly thing
 10125 | D:11     | Killed a cyan ugly thing
 10133 | D:11     | Got a crude silver ring
 10134 | D:11     | Identified the ring of Onluja {*Tele +Inv rC+ Slay-5} (You found it on level 11 of the Dungeon)
 10174 | D:11     | Noticed a green ugly thing
 10183 | D:11     | Killed a green ugly thing
 10223 | D:11     | Noticed a two-headed ogre
 10250 | D:11     | Killed a two-headed ogre
 10311 | D:11     | Paralysed by fainting for 8 turns
 10347 | D:11     | Got a crude ring mail
 10436 | D:11     | Reached XP level 12. HP: 64/72 MP: 24/24
 10476 | D:11     | Noticed a six-headed hydra
 10493 | D:11     | Killed a six-headed hydra
 10545 | D:11     | Got an ichor-stained spear
 10546 | D:11     | Identified the cursed +1 spear "Gegion" {freeze, MP+9 Int+4 Dex+2} (You found it on level 11 of the Dungeon)
 10563 | D:11     | Identified the cursed +0 ring mail of Gravity {Int+4 Dex-3} (You took it off an orc on level 11 of the Dungeon)
 11101 | D:12     | Noticed Amnesiac's ghost (journeyman DEAr)
 11117 | D:12     | Killed Amnesiac's ghost
 11202 | D:12     | Paralysed by a hornet for 3 turns
 11260 | D:12     | Noticed Josephine
 11275 | D:12     | Killed Josephine
 11275 | D:12     | Reached skill level 15 in Evocations
 12093 | D:13     | Got an iridescent great mace
 12162 | D:13     | Identified the +8 great mace of Conformity {crush, rElec} (You found it on level 13 of the Dungeon)
 12174 | D:13     | Noticed a centaur warrior
 12181 | D:13     | Killed a centaur warrior
 12356 | D:13     | Noticed a great orb of eyes
 12380 | D:13     | Killed a great orb of eyes
 12624 | D:12     | Noticed a two-headed ogre
 12663 | D:12     | Killed a two-headed ogre
 12712 | D:12     | Identified a scroll of acquirement {!r}
 12800 | D:14     | Noticed Nessos
 12802 | D:14     | Killed Nessos
 12802 | D:14     | Reached XP level 13. HP: 80/80 MP: 26/26
 12882 | D:14     | Found a labyrinth entrance.
 12891 | D:14     | Found a shattered altar of Ashenzari.
 13114 | Lab      | Identified a paperback manual
 13114 | Lab      | Entered a labyrinth
 13228 | Lab      | Noticed a minotaur
 13251 | Lab      | Killed a minotaur
 13251 | Lab      | Reached skill level 1 in Shields
 13251 | Lab      | Reached skill level 16 in Evocations
 13253 | Lab      | Got a heavily runed chain mail
 13266 | Lab      | Identified the +2 chain mail of the Gastropod {rPois MR+ Stlth+} (You took it off a minotaur in a labyrinth)
 13908 | D:14     | Found a gate to the Vaults.
 14104 | D:14     | Reached skill level 5 in Shields
 14462 | D:15     | Entered Level 15 of the Dungeon
 14755 | D:15     | Found a staircase to the Depths.
 14755 | D:15     | Noticed a fire giant
 14784 | D:15     | Killed a fire giant
 15422 | Depths:1 | Entered Level 1 of the Depths
 15428 | D:15     | HP: 1/80 [cyan ugly thing (15)]
 15638 | Orc:1    | Entered Level 1 of the Orcish Mines
 15638 | Orc:1    | Noticed a stone giant
 15638 | Orc:1    | Noticed an ettin
 15656 | D:11     | Killed a stone giant
 15656 | D:11     | Reached XP level 14. HP: 60/86 MP: 28/28
 16453 | Orc:2    | Entered Level 2 of the Orcish Mines
 16575 | Orc:2    | Found a staircase to the Elven Halls.
 16622 | Orc:2    | Found a roughly hewn altar of Beogh.
 16801 | Orc:2    | Reached skill level 5 in Short Blades
 16824 | Orc:2    | Found a roughly hewn altar of Beogh.
 16891 | Orc:2    | Found Fuxonn's Armour Shoppe.
 17104 | Orc:2    | Found a roughly hewn altar of Beogh.
 17322 | Orc:2    | Found a roughly hewn altar of Beogh.
 17348 | Orc:2    | Found Nymemn's Weapon Boutique.
 17449 | Orc:2    | Noticed an orc warlord
 18067 | Orc:2    | Found a roughly hewn altar of Beogh.
 18201 | Orc:2    | Found Lunaenn's Antique Weapon Shop.
 18202 | Orc:2    | Found a roughly hewn altar of Beogh.
 18203 | Orc:2    | Found Huololy's Antique Armour Boutique.
 18216 | Orc:2    | Bought a pair of bloodstained gloves for 228 gold pieces
 18226 | Orc:2    | Identified the +0 pair of gloves "Soagaitz" {-Tele rC+ MR++ Dex+3} (You bought it in a shop on level 2 of the Orcish Mines)
 18516 | Lair:1   | Entered Level 1 of the Lair of Beasts
 18516 | Lair:1   | Found a frozen archway.
 18646 | Lair:1   | Bought a ration for 70 gold pieces
 18646 | Lair:1   | Bought a ration for 70 gold pieces
 18646 | Lair:1   | Bought a ration for 70 gold pieces
 18646 | Lair:1   | Bought a ration for 70 gold pieces
 18646 | Lair:1   | Bought a ration for 70 gold pieces
 18646 | Lair:1   | Bought a ration for 70 gold pieces
 18646 | Lair:1   | Bought a ration for 70 gold pieces
 18646 | Lair:1   | Bought a ration for 70 gold pieces
 18646 | Lair:1   | Bought a ration for 70 gold pieces
 18747 | IceCv    | Entered an ice cave
 18803 | IceCv    | Killed a reaper
 18842 | IceCv    | Got a pair of twisted boots
 18940 | IceCv    | Identified the cursed -2 pair of boots of Laenonn {+Blink MP+9 Stlth+} (You found it in an ice cave)
 19306 | IceCv    | Got a steaming demon whip
 19307 | IceCv    | Identified the +2 demon whip "Bohur" {vamp, Int+3} (You found it in an ice cave)
 19798 | Orc:2    | Bought the +2 cloak "Sidgh" {*Drain +Fly rPois Str+8} for 507 gold pieces
 19813 | Orc:2    | Learned a level 1 spell: Summon Butterflies
 19816 | Orc:2    | Learned a level 2 spell: Poisonous Vapours
 19820 | Orc:2    | Learned a level 3 spell: Mephitic Cloud
 20271 | Elf:1    | Entered Level 1 of the Elven Halls
 21015 | D:10     | Killed an orc warlord
 21283 | Orc:2    | Bought a warped dagger for 224 gold pieces
 21283 | Orc:2    | Identified the +9 dagger "Xalecat" {pain, rElec Int+4 Dex+2 SInv} (You bought it in a shop on level 2 of the Orcish Mines)
 21295 | Orc:2    | Learned a level 1 spell: Animate Skeleton
 21368 | Orc:2    | Reached skill level 1 in Necromancy
 21740 | Elf:1    | Reached skill level 5 in Necromancy
 22103 | Elf:1    | Noticed a deep elf sorcerer
 22109 | Elf:1    | Cast into level 2 of the Abyss (a deep elf sorcerer)
 22109 | Abyss:2  | Found a corrupted altar of Lugonu.
 22125 | Abyss:2  | Got a translucent granite ring
 22150 | Abyss:2  | Noticed a tentacled starspawn
 22164 | Abyss:2  | Killed a tentacled starspawn
 22164 | Abyss:2  | Reached XP level 15. HP: 44/91 MP: 29/29
 22255 | Abyss:2  | Reached skill level 10 in Short Blades
 22331 | Abyss:2  | Killed from afar by an eidolon

Vault maps used:
D:1:      dpeg_arrival_pits, tso_metal_star
D:2:      nicolae_overflow_crystal_walls, first_ration
D:3:      uniq_robin, uniq_jessica, uniq_ijyb
D:5:      minmay_temple_entry_large_hall, serial_shops, shop, nzn_random_ring,
          uniq_grinder
D:6:      nicolae_overflow_hidden_temple, roderic_lattice_a
D:7:      fedhas_altar_1
D:8:      uniq_psyche
D:9:      chequers_temple_overflow_statue_of_worship, hangedman_pestilent_swarm,
          kennysheep_generic_room_15, uniq_joseph, uniq_maurice
D:10:     dpeg_lair_monsters, serial_shops, shop
D:11:     minmay_the_grid_octo_tiled_squarecenter_mashed, david_orc_5,
          nrook_mini_backslash, uniq_grum
D:12:     cheibrodos_elevator_heist, uniq_josephine
D:13:     evilmike_surprise_oklob
D:14:     david_vaults_5, lab_entry_generic, basic_altar, uniq_nessos
D:15:     grunt_enter_depths_giant_problem
Temple:   regret_index_temple_sphere_string
Lair:1:   portal_ice_cave_entry_imps, serial_bayou_shore_b
Orc:2:    grunt_orc_community_town_hall, grunt_orc_community_big_house_1,
          grunt_orc_community_big_house_2, grunt_orc_community_house_1,
          grunt_orc_community_house_2, grunt_orc_community_house_2,
          grunt_orc_community_house_3
Elf:1:    eino_elf_arrival_the_gate, hangedman_elf_disciples, minivault_13,
          minmay_shoptagon
Depths:1: nicolae_two_hexagons, grunt_mini_vestibule, kennysheep_generic_room_11
Lab:      labyrinth_watery
IceCv:    ice_cave_small_demon

Skill      XL: |  1  2  3  4  5  6  7  8  9 10 11 12 13 14 15 |
---------------+----------------------------------------------+-----
Fighting       | 1 2 4 5 7 9 |  9.4
Evocations     | 4 5 6 7 10 12 13 14 15 16 | 16.2
Stealth        | 2 3 |  3.0
Dodging        | 4 5 7 9 |  9.4
Armour         | 3 5 7 8 9 |  9.4
Shields        | 8 9 |  9.4
Short Blades   | 9 10 | 10.0
Necromancy     | 6 7 |  7.1

Action                   |  1- 3 |  4- 6 |  7- 9 | 10-12 | 13-15 || total
-------------------------+-------+-------+-------+-------+-------++-------
Melee: Short sword       |    25 |    11 |       |       |       ||    36
       Trident           |       |   137 |   469 |   149 |       ||   755
       Dire flail        |       |       |       |   253 |       ||   253
       Falchion          |       |       |       |   470 |  1433 ||  1903
       Great sword       |       |       |       |    22 |       ||    22
       Staff             |       |       |       |    19 |       ||    19
       Great mace        |       |       |       |    10 |       ||    10
       Dagger            |       |       |       |       |   213 ||   213
 Fire: Longbow           |       |       |       |       |     2 ||     2
Invok: Call Merchant     |       |       |       |       |     2 ||     2
Evoke: Wand              |     8 |    17 |    14 |    22 |    83 ||   144
       Sack of spiders   |       |       |       |       |     3 ||     3
  Use: Scroll            |       |     4 |    13 |    10 |     9 ||    36
       Potion            |       |     3 |       |     2 |     3 ||     8
 Stab: Distracted        |     1 |     1 |     2 |     4 |     9 ||    17
       Sleeping          |       |     4 |     8 |       |       ||    12
       Invisible         |       |     2 |       |       |       ||     2
       Paralysed         |       |       |       |       |    81 ||    81
  Eat: Chunk             |       |     2 |       |       |       ||     2
       Ration            |       |     1 |     5 |     8 |    13 ||    27
Armor: Leather armour    |     7 |    53 |   147 |       |       ||   207
       Plate armour      |       |       |    99 |   943 |  1182 ||  2224
       Robe              |       |       |    28 |       |       ||    28
       Skin              |       |       |       |    11 |       ||    11
Dodge: Dodged            |    18 |   114 |   313 |   504 |   663 ||  1612
Block: Shield            |       |       |       |       |   988 ||   988
       Buckler           |       |       |       |       |    25 ||    25
       Rpst.: Falchion   |       |       |       |    95 |   167 ||   262
       Great sword       |       |       |       |    14 |       ||    14

Table legend:
 A = Spawn XP
 B = Non-spawn XP
 C = Spawn XP percentage of total XP
 D = Spawn monster count
 E = Non-spawn monster count
 F = Spawn count percentage of total count
 G = Total turns spent on level
                    A         B        C        D         E        F      G
               +---------+---------+-------+---------+---------+-------+---------
         Total |    3810 |  103484 |   3.6 |       6 |     633 |   0.9 | 22331
               +---------+---------+-------+---------+---------+-------+---------
           D:1 |       0 |      38 |   0.0 |       0 |      21 |   0.0 |   624
           D:2 |       0 |      68 |   0.0 |       0 |      20 |   0.0 |   684
           D:3 |       0 |     184 |   0.0 |       0 |      26 |   0.0 |   712
           D:4 |       0 |     444 |   0.0 |       0 |      19 |   0.0 |  1564
           D:5 |       0 |    1020 |   0.0 |       0 |      27 |   0.0 |   887
           D:6 |       0 |    1046 |   0.0 |       0 |      15 |   0.0 |   625
           D:7 |       0 |     493 |   0.0 |       0 |      14 |   0.0 |   557
           D:8 |       0 |    1188 |   0.0 |       0 |      22 |   0.0 |  1097
           D:9 |       0 |    3758 |   0.0 |       0 |      38 |   0.0 |  1801
          D:10 |       0 |    7139 |   0.0 |       0 |      31 |   0.0 |  1337
          D:11 |       0 |   16151 |   0.0 |       0 |      93 |   0.0 |  2095
          D:12 |       0 |    6924 |   0.0 |       0 |      29 |   0.0 |  1258
          D:13 |       0 |    7104 |   0.0 |       0 |      31 |   0.0 |   964
          D:14 |       0 |   12249 |   0.0 |       0 |      26 |   0.0 |  1518
          D:15 |       0 |   13085 |   0.0 |       0 |      39 |   0.0 |  1136
        Temple |       0 |      40 |   0.0 |       0 |       1 |   0.0 |   178
        Lair:1 |       0 |    1325 |   0.0 |       0 |      19 |   0.0 |   238
         Orc:1 |       0 |    1563 |   0.0 |       0 |      23 |   0.0 |   934
         Orc:2 |       0 |   13791 |   0.0 |       0 |      91 |   0.0 |  2502
         Elf:1 |       0 |    9536 |   0.0 |       0 |      15 |   0.0 |   508
       Abyss:2 |    3810 |    1531 |  71.3 |       6 |       5 |  54.5 |   222
           Lab |       0 |    1146 |   0.0 |       0 |       1 |   0.0 |   233
         IceCv |       0 |    3661 |   0.0 |       0 |      27 |   0.0 |   653
               +---------+---------+-------+---------+---------+-------+---------
